 Dungeon Crawl Stone Soup version 0.30-a0-986-g7f2e898f52 (webtiles) character file.

Game seed: 4030971026023190176

6414 freelancePsychic the Fighter (level 10, -13/81 HPs)
             Began as a Purple Draconian Enchanter on Apr 1, 2023.
             Was a Follower of Hepliaklqana.
             Mangled by a sun demon (17 damage)
             ... summoned by a kobold demonologist
             ... on level 9 of the Dungeon.
             The game lasted 00:21:08 (8586 turns).

freelancePsychic the Fighter (DrEn)                 Turns: 8586, Time: 00:21:08

Health: -13/81     AC: 22    Str: 13    XL:     10   Next: 66%
Magic:  1/17       EV: 12    Int: 20    God:    Hepliaklqana [*.....]
Gold:   461        SH:  0    Dex: 12    Spells: 5/18 levels left

rFire   . . .      SeeInvis .    f - +3 dagger (elec)
rCold   . . .      Faith    .    (no shield)
rNeg    . . .      Spirit   .    (body armour unavailable)
rPois   .          Reflect  .    c - +2 hat of Xuts {Regen+ Str+3 Stlth+}
rElec   .          Rampage  .    y - +2 cloak {Will+}
rCorr   .                        J - +2 pair of gloves
Will    ++...                    C - +2 pair of boots
Stlth   ++++                     (no amulet)
HPRegen 1.13/turn                H - +4 ring of protection
MPRegen 0.15/turn                w - ring of flight

@: short of breath, spiked, flying
A: reduced essence, breathe power, AC +7, unfitting armour, cold-blooded
a: Breathe Dispelling Energy, Renounce Religion, Recall Ancestor, Ancestor
Identity


You were on level 9 of the Dungeon.
You worshipped Hepliaklqana.
Hepliaklqana was aware of your devotion.
You visited 1 branch of the dungeon, and saw 9 of its levels.

You collected 543 gold pieces.
You spent 82 gold pieces at shops.

Inventory:

Hand Weapons
 a - a +1 dagger
 f - a +3 dagger of electrocution (weapon)
Missiles
 q - 24 poisoned darts (quivered)
 F - 2 throwing nets
Armour
 c - the +2 hat of Xuts (worn) {Regen+ Str+3 Stlth+}
   (You acquired it on level 3 of the Dungeon)

   Str:       It affects your strength (+3).
   Regen:     It increases your rate of health regeneration.
   Stlth:     It makes you more stealthy.
 y - a +2 cloak of willpower (worn)
 C - a +2 pair of boots (worn)
 J - a +2 pair of gloves (worn)
Jewellery
 w - a ring of flight (right hand)
 H - a +4 ring of protection (left hand)
Wands
 x - a wand of light (15)
 A - a wand of paralysis (16)
 B - a wand of digging (5)
 G - a wand of flame (16)
Scrolls
 e - 3 scrolls of amnesia
 i - a scroll of silence
 k - 2 scrolls of summoning {unknown}
 m - 4 scrolls of blinking
 n - a scroll of enchant armour
 r - a scroll of vulnerability {unknown}
 s - a scroll of noise
 u - 2 scrolls of teleportation {@r4}
 v - 5 scrolls of immolation
 z - 2 scrolls of fog
 I - a scroll of poison {unknown}
 K - a scroll of fear {unknown}
 M - a scroll of magic mapping
Potions
 b - a potion of invisibility
 d - a potion of ambrosia {unknown}
 g - 4 potions of mutation {unknown}
 h - a potion of berserk rage {unknown}
 j - 4 potions of curing {unknown}
 l - 2 potions of attraction {unknown}
 o - 2 potions of brilliance
 p - 3 potions of magic {unknown}
 t - 5 potions of degeneration {unknown}
 D - a potion of might {unknown}
 E - a potion of lignification {unknown}
 L - a potion of flight {unknown}


   Skills:
 + Level 8.9 Fighting
 - Level 5.0 Short Blades
 - Level 1.7 Dodging
 - Level 5.0 Stealth
 + Level 4.7 Spellcasting
 - Level 6.2 Conjurations
 - Level 8.5 Hexes
 + Level 6.7 Summonings
 + Level 1.2 Air Magic


You had 5 spell levels left.
You knew the following spells:

 Your Spells              Type           Power      Damage    Failure   Level
a - Confusing Touch       Hex            38%        N/A       1%          3
b - Tukima's Dance        Hex            38%        N/A       1%          3
c - Summon Guardian Gole  Hex/Summ       35%        N/A       1%          3
d - Fulminant Prism       Conj/Hex       17%        3d10      5%          4

Your spell library contained the following spells:

 Spells                   Type           Power      Damage    Failure   Level
 Dazzling Flash           Conj/Hex       68%        N/A       1%          3
 Ensorcelled Hibernation  Hex/Ice        42%        N/A       3%          2
 Momentum Strike          Conj/Tloc      34%        3d8       4%          2
 Beastly Appendage        Tmut           8%         N/A       12%         1
 Wereblood                Tmut           4%         N/A       19%         2
 Summon Lightning Spire   Summ/Air       20%        N/A       22%         4
 Kindle Blastsparks       Fire/Tloc/Air  12%        2d11      30%         3
 Iskenderun's Mystic Bla  Conj/Tloc      17%        2d5       32%         4
 Spider Form              Tmut/Pois      4%         N/A       34%         3
 Teleport Other           Tloc           4%         N/A       34%         3
 Airstrike                Air            4%         2d(1-17)  56%         4
 Plasma Beam              Fire/Air       3%         2x1d10    95%         5
 Lee's Rapid Deconstruct  Erth           2%         3d4*      97%         5
 Orb of Destruction       Conj           14%        9d7       100%        7
 Spellforged Servitor     Conj/Summ      15%        N/A       100%        7
 Disjunction              Tloc           2%         N/A       100%        8


Dungeon Overview and Level Annotations

Branches:
Dungeon (9/15)             Temple (0/1) D:7            Lair (0/5) D:8
    Orc: D:9-12

Altars:
Ashenzari
Cheibriados
Gozag
Hepliaklqana
Kikubaaqudgha
Makhleb
Okawaru
Qazlal
Uskayaw
Vehumet
Wu Jian
Xom

Shops:
D:3 [?=(


Innate Abilities, Weirdness & Mutations

Your life essence is reduced to manifest your ancestor. (-10% HP)
You can breathe bolts of dispelling energy.
Your rich purple scales are hard. (AC +7)
You cannot fit into any form of body armour.
You are cold-blooded and may be slowed by cold attacks.


Message History

The kobold demonologist is severely wounded.
The blast of energy engulfs the kobold!
You kill the kobold!
The red devil hits you but does no damage. x2
Casting: Fulminant Prism (dangerous; 6% risk of failure)
Confirm with . or Enter, or press ? or * to list all spells.
Aiming: Fulminant Prism (dangerous; 6% risk of failure)
Press: ? - help, Dir - move target You conjure a prism of explosive energy!
A fulminant prism comes into view.
The sun demon hits you!
You are engulfed in flames!
The kobold demonologist hits you but does no damage.
A kobold comes into view. It is wielding a +0 dagger.
Icarus misses the sun demon.
The sun demon barely misses you.
The red devil hits you but does no damage.
The red devil hits you from afar with a +4 trident.
Barbed spikes become lodged in your body.
You hit the kobold demonologist but do no damage.
Lightning courses through the kobold demonologist!
You kill the kobold demonologist!
The red devil disappears in a puff of smoke!
The sun demon disappears in a puff of smoke!
The red devil disappears in a puff of smoke!
The iron imp disappears in a puff of smoke!
Icarus closely misses the sun demon.
Your Air Magic skill increases to level 1!
Aiming: Breathe Dispelling Energy (3% risk of failure)
Press: ? - help, Shift-Dir - straight line You breathe a bolt of dispelling energy.
The bolt of dispelling energy hits the sun demon!
The sun demon is heavily wounded.
The bolt of dispelling energy misses the kobold demonologist.
The sun demon hits you.
You are engulfed in flames!
* * * LOW HITPOINT WARNING * * *
Your fulminant prism crackles loudly.
The kobold demonologist casts a spell.
Icarus hits the sun demon.
The sun demon hits you!
* * * LOW HITPOINT WARNING * * *
You are engulfed in flames!
You die...

############ #...R).*..§.
##.##@3K..K# #...##..§..#
#.#..##4...# #.#...##...#
############.#....##..#..
...................##.#..
........######......#'###
..[.....# #..)...#...#
........# ########._.##


You could see the friendly Icarus the ancestor, a sun demon (summoned, ally
target), a kobold demonologist, a chaos spawn (summoned), a kobold and a
friendly fulminant prism.

Vanquished Creatures
  Maggie (D:8)
  A kobold demonologist (D:9)
  3 yaks (D:8)
  A vampire (D:9)
  2 wyverns
  2 steam dragons
  A water moccasin (D:6)
  An ice beast (D:7)
  An orc warrior (D:8)
  2 black bears
  3 sky beasts
  An ogre (D:7)
  3 centaurs
  2 kobold brigands
  6 bullfrogs
  3 scorpions
  A wight (D:8)
  5 killer bees (D:8)
  3 howler monkeys
  4 hounds
  Crazy Yiuf (D:2)
  A jelly (D:8)
  5 orc priests
  3 sleepcaps (D:5)
  Terence (D:2)
  Natasha (twice) (D:2)
  2 orc wizards
  2 gnolls
  5 adders
  A shadow imp (D:5)
  3 white imps
  2 worms (D:2)
  3 dart slugs
  33 orcs
  5 ball pythons
  6 endoplasms
  3 giant cockroaches
  5 goblins
  9 hobgoblins
  7 jackals (D:1)
  2 bats
  2 frilled lizards (D:1)
  12 kobolds
  10 rats
171 creatures vanquished.

Vanquished Creatures (collateral kills)
  Prince Ribbit (D:9)
  An ogre (D:6)
  A howler monkey (D:9)
  An orc priest (D:8)
  2 orcs (D:8)
  A kobold (D:9)
7 creatures vanquished.

Vanquished Creatures (others)
  A deep elf pyromancer (D:8)
  A dancing weapon (D:5)
  6 yaks
  Blork the orc (D:5)
  A jelly (D:8)
  An orc priest (D:4)
  An ancestor (D:9)
  3 gnolls (D:6)
  3 orcs (D:4)
  5 fulminant prisms
  10 fungi (D:8)
  34 plants
67 creatures vanquished.

Grand Total: 245 creatures vanquished

Notes
Turn   | Place    | Note
-------+----------+-------------------------------------------
     0 | D:1      | freelancePsychic the Draconian Enchanter began the quest
                  | for the Orb.
     0 | D:1      | Reached XP level 1. HP: 14/14 MP: 3/3
   149 | D:1      | Reached XP level 2. HP: 16/20 MP: 5/5
   522 | D:1      | Reached XP level 3. HP: 27/27 MP: 6/6
   556 | D:1      | Learned a level 3 spell: Confusing Touch
   703 | D:1      | Learned a level 3 spell: Tukima's Dance
  1081 | D:2      | Noticed Natasha
  1121 | D:2      | Reached skill level 1 in Fighting
  1282 | D:2      | Found a runed translucent door.
  1629 | D:2      | Reached XP level 4. HP: 35/35 MP: 7/7
  1920 | D:2      | Noticed Terence
  2283 | D:3      | Found a burning altar of Makhleb.
  2402 | D:3      | Found Karidgh's Magic Scroll Shoppe.
  2408 | D:3      | Bought a scroll of blinking for 82 gold pieces
  2411 | D:3      | Identified a scroll of acquirement
  2411 | D:3      | Acquired the +2 hat of Xuts {Regen+ Str+3 Stlth+}
  2489 | D:3      | Found Likeav's Armour Boutique.
  2539 | D:3      | Found a shimmering altar of Xom.
  2610 | D:3      | Found Joon's Jewellery Shoppe.
  2791 | D:3      | Found Ameloeg's Weapon Shoppe.
  3059 | D:4      | Reached skill level 1 in Summonings
  3059 | D:4      | Reached XP level 5. HP: 40/40 MP: 8/8
  3204 | D:2      | Killed Terence
  3285 | D:2      | Killed Natasha
  3285 | D:2      | Noticed Natasha
  3292 | D:2      | Killed Natasha
  3369 | D:2      | Noticed Crazy Yiuf
  3377 | D:2      | Killed Crazy Yiuf
  3390 | D:2      | Learned a level 3 spell: Summon Guardian Golem
  3577 | D:4      | Found an ornate altar of the Wu Jian Council.
  3723 | D:4      | Reached XP level 6. HP: 47/47 MP: 4/10
  3887 | D:4      | Found a snail-covered altar of Cheibriados.
  4316 | D:5      | Entered Level 5 of the Dungeon
  4432 | D:5      | Noticed Blork the orc
  4467 | D:5      | Killed Blork the orc
  4651 | D:5      | Your scales start taking on a rich purple colour.
  4651 | D:5      | Reached XP level 7. HP: 56/56 MP: 13/13
  4821 | D:5      | Found a stormy altar of Qazlal.
  5149 | D:6      | Noticed a steam dragon
  5213 | D:6      | Killed a steam dragon
  5459 | D:6      | Reached XP level 8. HP: 67/67 MP: 10/14
  5567 | D:6      | Reached skill level 5 in Fighting
  5635 | D:6      | Reached skill level 5 in Short Blades
  5902 | D:6      | Reached skill level 1 in Conjurations
  5902 | D:6      | Reached skill level 5 in Hexes
  6108 | D:7      | Found a hazy altar of Hepliaklqana.
  6125 | D:7      | Became a worshipper of Hepliaklqana the Forgotten
  6163 | D:7      | Found an iron altar of Okawaru.
  6201 | D:7      | Reached skill level 5 in Stealth
  6211 | D:7      | Found a hide-covered altar of Uskayaw.
  6418 | D:7      | Reached XP level 9. HP: 75/75 MP: 12/15
  6419 | D:7      | Reached skill level 5 in Conjurations
  6492 | D:7      | Found an ancient bone altar of Kikubaaqudgha.
  6696 | D:7      | Found a staircase to the Ecumenical Temple.
  6750 | D:8      | Learned a level 4 spell: Fulminant Prism
  6759 | D:8      | Noticed Maggie
  6975 | D:8      | Killed Maggie
  7157 | D:8      | Reached skill level 5 in Summonings
  7178 | D:8      | Reached XP level 10. HP: 86/86 MP: 7/16
  7397 | D:8      | Found a staircase to the Lair.
  7418 | D:8      | Reached * piety under Hepliaklqana
  7622 | D:8      | Noticed a deep elf pyromancer
  7628 | D:8      | Killed a deep elf pyromancer
  7811 | D:8      | Noticed a radroach
  7880 | D:9      | Found an opulent altar of Gozag.
  8082 | D:9      | Identified the +0 scale mail "Lubaynka" {Harm Slay+2}
  8112 | D:9      | Got the Tome of the Tesseract
  8201 | D:9      | Found a radiant altar of Vehumet.
  8345 | D:9      | Found a broken altar of Ashenzari.
  8570 | D:9      | Noticed Prince Ribbit
  8575 | D:9      | Noticed a sun demon
  8579 | D:9      | Killed Prince Ribbit
  8580 | D:9      | Noticed a sun demon
  8586 | D:9      | Reached skill level 1 in Air Magic
  8586 | D:9      | HP: 4/81 [sun demon[a kobold demonologist] (11)]
  8586 | D:9      | Mangled by a sun demon

Illustrated notes

Levels and vault maps discovered:
D:1:      minmay_arrival_plants_in_alcoves, layout_loops_corners
D:2:      layout_loops_corners, uniq_terence, uniq_crazy_yiuf_cottage,
          uniq_natasha
D:3:      layout_loops_corners, mainiacjoe_overflow_chevrons,
          makhleb_altar_promises_db, serial_shops,
          nicolae_shop_bloodbath_and_beyond, shop, shop_scrolls,
          nicolae_lakefront_shop, chequers_avenue
D:4:      layout_loops_ring, mainiacjoe_overflow_paths,
          mainiacjoe_overflow_boulevard, grunt_decor_one_mirror
D:5:      layout_basic, grunt_qazlal_clouds, uniq_blork_the_orc
D:6:      layout_basic
D:7:      layout_basic, old_standard_altar, nicolae_uskayaw_suspiria,
          nicolae_overflow_crystal_walls, okawaru_trees_1,
          minmay_temple_entry_poolview, bh_walls_and_bars
D:8:      nzn_winding_woodlands_small [nzn_winding_woodlands_5x15_default,
          nzn_winding_woodlands_center_garden,
          nzn_winding_woodlands_5x15_lazy_stream], layout_basic,
          grunt_lair_entry_orc_guard_hut, uniq_maggie
D:9:      layout_small_grid, mainiacjoe_overflow_catwalk,
          nicolae_ashenzari_panopticon, lemuel_doored_altar, uniq_prince_ribbit1

Skill      XL: |  1  2  3  4  5  6  7  8  9 10 |
---------------+-------------------------------+-----
Stealth        | 3 4 5 |  5.0
Hexes          | 3 4 6 7 8 |  8.5
Fighting       | 1 2 4 6 7 8 |  8.9
Summonings     | 1 2 3 5 6 |  6.7
Spellcasting   | 3 4 |  4.7
Short Blades   | 2 4 5 |  5.0
Conjurations   | 4 6 |  6.2
Air Magic      | 1 |  1.2
Dodging        | |  1.7

Action                     |  1- 3 |  4- 6 |  7- 9 | 10-12 || total
---------------------------+-------+-------+-------+-------++-------
  Melee: Dagger            |   147 |   120 |   293 |   130 ||   690
         Tailslap          |    16 |     8 |    46 |    26 ||    96
         Punch             |     2 |     2 |     5 |     5 ||    14
  Throw: Dart              |       |     5 |     2 |     4 ||    11
   Cast: Summon Guardian G |       |     4 |     4 |     3 ||    11
         Confusing Touch   |       |     1 |    12 |     5 ||    18
         Tukima's Dance    |       |     1 |    11 |     1 ||    13
         Fulminant Prism   |       |       |     2 |     4 ||     6
 Invoke: Ancestor Identity |       |       |       |     1 ||     1
Ability: Breathe Dispellin |       |       |     5 |     5 ||    10
  Evoke: Wand              |       |       |       |     1 ||     1
    Use: Potion            |     1 |       |     1 |       ||     2
         Scroll            |       |     6 |     5 |     5 ||    16
   Stab: Sleeping          |    13 |    18 |     7 |     2 ||    40
         Invisible         |     2 |       |       |       ||     2
         Confused          |       |       |     6 |     3 ||     9
         Distracted        |       |       |     1 |     1 ||     2
 Armour: Skin              |    34 |    35 |   178 |    55 ||   302
  Dodge: Dodged            |    77 |    36 |   193 |    65 ||   371

Table legend: (Time is in decaauts)
 A = Elapsed time spent in this place.
 B = Non-inter-level travel time spent in this place.
 C = Inter-level travel time spent in this place.
 D = Time resting spent in this place.
 E = Time spent auto-exploring this place.
 F = Levels seen in this place.
 G = Mean time per level.
                   A        B        C        D        E       F      G
               +--------+--------+--------+--------+--------+-----+--------+
         Total |   8471 |   7961 |    510 |     16 |   6212 |   9 |  941.2 |
       Dungeon |   8471 |   7961 |    510 |     16 |   6212 |   9 |  941.2 |
               +--------+--------+--------+--------+--------+-----+--------+

Top non-repeatable levels by time:
     D:2: 1417 daAuts
     D:8: 1072 daAuts
     D:1: 1030 daAuts
     D:3: 986 daAuts
     D:4: 870 daAuts
     D:6: 859 daAuts
     D:5: 797 daAuts
     D:9: 720 daAuts
     D:7: 718 daAuts
